 Dungeon Crawl Stone Soup version 0.24-a0-507-g3e8b242632 (webtiles) character file.

Game seed: 11233055099466406061

463 Mithandil the Conjurer (level 6, -3/32 HPs)
             Began as a Deep Elf Conjurer on July 18, 2019.
             Slain by a killer bee (4 damage)
             ... on level 5 of the Dungeon on July 19, 2019.
             The game lasted 00:30:02 (4336 turns).

Mithandil the Conjurer (Deep Elf Conjurer)          Turns: 4336, Time: 00:30:02

Health: -3/32      AC:  6    Str:  7    XL:     6   Next: 79%
Magic:  13/16      EV: 13    Int: 20    God:
Gold:   119        SH:  0    Dex: 15    Spells: 2/16 levels left

rFire    . . .     SeeInvis .   k - +1 whip (venom)
rCold    . . .     Gourm    .   (no shield)
rNeg     . . .     Faith    .   s - +0 leather armour
rPois    .         Spirit   .   i - +0 helmet
rElec    .         Reflect  .   n - +0 cloak
rCorr    .         Harm     .   (no gloves)
MR       .....                  l - +0 pair of boots
Stlth    ++........             (no amulet)
HPRegen  0.10/turn              (no ring)
MPRegen  0.15/turn              (no ring)

@: lethally poisoned (-3 -> -9), very slightly contaminated
A: no striking features
a: no special abilities


You were on level 5 of the Dungeon.
You were not hungry.

You visited 1 branch of the dungeon, and saw 6 of its levels.

You collected 119 gold pieces.

Inventory:

Hand Weapons
 a - a +0 dagger
 k - a +1 whip of venom (weapon)
 q - a +0 halberd of venom
Missiles
 o - 3 curare-tipped darts (quivered)
Armour
 i - a +0 helmet (worn)
 l - a +0 pair of boots (worn)
 n - a +0 cloak (worn)
 s - a +0 leather armour (worn)
Jewellery
 g - an uncursed ring of wizardry {unknown}
Wands
 p - a wand of polymorph (4)
Scrolls
 m - a scroll of fog {unknown}
 r - a scroll of magic mapping {unknown}
 t - a scroll of enchant armour {unknown}
 u - 2 scrolls of enchant weapon {unknown}
 w - a scroll of teleportation {unknown}
Potions
 b - 3 potions of agility {unknown}
 d - a potion of lignification {unknown}
 e - 2 potions of brilliance {unknown}
 f - a potion of heal wounds {unknown}
 h - a potion of haste {unknown}
 j - a potion of cancellation {unknown}
 v - a potion of degeneration {unknown}
Comestibles
 c - 13 rations


   Skills:
 + Level 4.2 Dodging
 + Level 4.2 Stealth
 * Level 5.9 Spellcasting
 * Level 6.1 Conjurations
 + Level 1.8 Translocations


You had 2 spell levels left.
You knew the following spells:

 Your Spells              Type           Power        Failure   Level  Hunger
a - Magic Dart            Conj           ####         1%          1    None
b - Searing Ray           Conj           ####..       1%          2    None
c - Force Lance           Conj/Tloc      ###.....     30%         4    ####...
d - Iskenderun's Mystic   Conj           ####....     13%         4    ####...
s - Dazzling Spray        Conj/Hex       ###...       14%         3    ##.....

Your spell library contained the following spells:

 Spells                   Type           Power        Failure   Level  Hunger
 Fulminant Prism          Conj/Hex       ###.......   41%         4    ####...


Dungeon Overview and Level Annotations

Branches:
Dungeon (6/15)             Temple (0/1) D:4

Altars:
Okawaru
Xom

Annotations:
D:4 Menkaure
D:5 exclusion: downstairs


Message History

Confirm with . or Enter, or press ? or * to list all spells.
Aiming: Magic Dart (safe; 1% risk of failure)
Press: ? - help, Shift-Dir - straight line, f/p - killer bee
Aim: a killer bee (heavily wounded)
The magic dart hits the killer bee but does no damage.
The killer bee is heavily wounded.
The killer bee stings you.
* * * LOW HITPOINT WARNING * * *
You are lethally poisoned!
The killer bee poisons you! The killer bee barely misses you.
Casting: Magic Dart (safe; 1% risk of failure)
Confirm with . or Enter, or press ? or * to list all spells.
Aiming: Magic Dart (safe; 1% risk of failure)
Press: ? - help, Shift-Dir - straight line, f/p - killer bee
Aim: a killer bee (heavily wounded)
The magic dart hits the killer bee.
The killer bee is severely wounded.
* * * LOW HITPOINT WARNING * * *
You feel sick. The killer bee stings you.
You die...

#.......<........y..
#......#.#####...#
########.# #.### #.#
#...# #.# ###.# #.#
#.# #.# #.# #.# #y#
#.# #@# #.# #.# #.#
#.# #.#######.#
#.........#
###########


You could see a killer bee.

Vanquished Creatures
  A scorpion (D:3)
  A howler monkey (D:4)
  A bullfrog zombie (D:5)
  A hound (D:4)
  A jelly (D:2)
  Jessica (D:2)
  An orc wizard (D:4)
  3 worker ants
  4 adders
  4 gnolls (D:4)
  A howler monkey skeleton (D:3)
  A worm (D:2)
  A dart slug (D:2)
  A leopard gecko (D:1)
  3 orcs (D:4)
  5 bats
  6 giant cockroaches
  8 goblins
  6 hobgoblins
  4 jackals
  5 quokkas
  3 ball pythons
  7 frilled lizards
  2 kobolds
  7 rats
78 creatures vanquished.

Notes
Turn   | Place    | Note
-------+----------+-------------------------------------------
     0 | D:1      | Mithandil the Deep Elf Conjurer began the quest for the
                  | Orb.
     0 | D:1      | Reached XP level 1. HP: 10/10 MP: 6/6
    22 | D:2      | Found a shimmering altar of Xom.
    38 | D:2      | Reached XP level 2. HP: 15/15 MP: 2/8
   111 | D:2      | Learned a level 2 spell: Searing Ray
   131 | D:2      | Noticed Jessica
   595 | D:1      | Reached XP level 3. HP: 19/19 MP: 7/10
  1426 | D:2      | Reached skill level 5 in Conjurations
  1814 | D:2      | Reached XP level 4. HP: 24/24 MP: 9/12
  1820 | D:2      | Learned a level 4 spell: Force Lance
  1825 | D:2      | Learned a level 4 spell: Iskenderun's Mystic Blast
  2197 | D:2      | Killed Jessica
  2204 | D:2      | Reached XP level 5. HP: 28/28 MP: 7/14
  2508 | D:4      | Noticed Menkaure
  2558 | D:3      | You fall into a shaft and drop 1 floor!
  2698 | D:4      | Reached skill level 5 in Spellcasting
  2757 | D:4      | Found an iron altar of Okawaru.
  2784 | D:5      | Entered Level 5 of the Dungeon
  3302 | D:3      | Noticed an ogre
  3453 | D:3      | an ogre changed into a scorpion
  3461 | D:3      | Reached skill level 1 in Translocations
  3724 | D:4      | Reached XP level 6. HP: 31/32 MP: 8/16
  3827 | D:4      | Reached skill level 6 in Conjurations
  3829 | D:4      | Found a staircase to the Ecumenical Temple.
  4044 | D:5      | Learned a level 3 spell: Dazzling Spray
  4259 | D:6      | Noticed an orc warrior
  4276 | D:5      | Upgraded the game from 0.24-a0-506-g958ff8eaa0 to
                  | 0.24-a0-507-g3e8b242632
  4336 | D:5      | HP: 1/32 [poisoned by a killer bee]
  4336 | D:5      | Slain by a killer bee

Levels and vault maps discovered:
D:1:      mrwooster_arrival_statue_2, layout_loops_ring
D:2:      minmay_door_path, layout_basic, xom_teletrap_fun, uniq_jessica
D:3:      wad_lake_hut, layout_loops_ring
D:4:      layout_loops_ring, nicolae_overflow_hidden_temple,
          kennysheep_okawaru_gauntlet, minmay_temple_entry_sparse_star,
          uniq_grinder, uniq_menkaure
D:5:      layout_basic, nicolae_overflow_crystal_walls, first_ration
D:6:      layout_loops_ring, marbit_many_paths, serial_shops,
          nicolae_shop_behind_doors, chequers_jeans

Skill      XL: |  1  2  3  4  5  6 |
---------------+-------------------+-----
Dodging        | 3 4 |  4.2
Stealth        | 3 4 |  4.2
Spellcasting   | 4 5 |  5.9
Conjurations   | 5 6 |  6.1
Translocations | 1 |  1.8

Action                   |  1- 3 |  4- 6 || total
-------------------------+-------+-------++-------
Melee: Unarmed           |     2 |       ||     2
       Whip              |    12 |    21 ||    33
Throw: Dart              |       |     4 ||     4
 Cast: Magic Dart        |    70 |   110 ||   180
Evoke: Wand              |       |     1 ||     1
  Use: Scroll            |     1 |       ||     1
  Eat: Chunk             |     3 |     4 ||     7
       Ration            |       |     1 ||     1
Armor: Robe              |     6 |     3 ||     9
       Leather armour    |       |    21 ||    21
Dodge: Dodged            |    19 |    46 ||    65

Table legend:
 A = Non-vault XP
 B = Vault XP
 C = Vault XP percentage of total XP
 D = Non-vault monster count
 E = Vault monster count
 F = Vault count percentage of total count
                 A         B        C        D         E       F
            +---------+---------+-------+---------+---------+-------
      Total |     618 |      44 |   6.6 |      72 |       6 |   7.7
            +---------+---------+-------+---------+---------+-------
        D:1 |      31 |       0 |   0.0 |      18 |       0 |   0.0
        D:2 |     130 |      40 |  23.5 |      27 |       4 |  12.9
        D:3 |     106 |       0 |   0.0 |      11 |       0 |   0.0
        D:4 |     268 |       4 |   1.5 |      13 |       2 |  13.3
        D:5 |      83 |       0 |   0.0 |       3 |       0 |   0.0
            +---------+---------+-------+---------+---------+-------
